 Dungeon Crawl Stone Soup version 0.28.0-53-g5a82cb258f (webtiles) character file.

Game seed: 14728554473513516313

456 Sin92 the Skirmisher (level 6, 0/43 (49) HPs)
             Began as a Demonspawn Fighter on June 23, 2022.
             Was an Initiate of Okawaru.
             Slain by Blork the orc
             ... wielding a +0 dire flail
              (1 damage)
             ... on level 4 of the Dungeon.
             The game lasted 00:05:38 (3150 turns).

Sin92 the Skirmisher (Demonspawn Fighter)           Turns: 3150, Time: 00:05:39

HP:   0/43 (49)     AC:  9    Str: 19    XL:     6   Next: 77%
MP:   6/6           EV:  9    Int:  9    God:    Okawaru [......]
Gold: 74            SH:  6    Dex: 12    Spells: 5/5 levels left

rFire   + . .      SeeInvis .   a - +1 war axe
rCold   + . .      Faith    .   c - +1 buckler
rNeg    . . .      Spirit   .   b - +0 scale mail
rPois   .          Reflect  .   (no helmet)
rElec   .          Harm     .   k - scarf {rC+ rF+}
rCorr   .          Rampage  .   (no gloves)
Will    .....                   (no boots)
Stlth   ..........              (no amulet)
HPRegen 0.14/turn               f - ring of flight
MPRegen 0.10/turn               (no ring)

@: mighty, flying, heavily drained
A: molten scales 1, powered by death 1, powered by pain 1
a: Renounce Religion


You were on level 4 of the Dungeon.
You worshipped Okawaru.
Okawaru was noncommittal.
You visited 2 branches of the dungeon, and saw 5 of its levels.
You visited the Abyss 1 time.

You collected 74 gold pieces.

Inventory:

Hand Weapons
 a - a +1 war axe (weapon)
Armour
 b - a +0 scale mail (worn)
 c - a +1 buckler (worn)
 k - a scarf of resistance (worn)
Jewellery
 f - a ring of flight (left hand)
Scrolls
 l - a scroll of identify {unknown}
Potions
 d - 2 potions of might
 e - a potion of curing {unknown}
 h - a potion of lignification
 j - a potion of mutation {unknown}
 m - a potion of haste


   Skills:
 + Level 4.6 Fighting
 + Level 3.5 Axes
 + Level 4.2 Armour
 + Level 4.1 Shields


You had 5 spell levels left.
You didn't know any spells.
Your spell library was empty.

Dungeon Overview and Level Annotations

Branches:
Dungeon (4/15)             Temple (1/1) D:4

Altars:
Cheibriados
Elyvilon
Fedhas
Kikubaaqudgha
Nemelex Xobeh
Okawaru
Qazlal
Ru
Sif Muna
Wu Jian
Xom
Zin
The Shining One

Annotations:
D:4 Blork the orc


Innate Abilities, Weirdness & Mutations

You are partially covered in molten scales. (AC +2)
You regenerate a little health from kills.
You sometimes gain a little power by taking damage.


Message History

Blork the orc casts a spell.
Blork the orc seems to speed up.
You barely miss the adder.
You feel sick. You block the adder's attack.
The adder bites you but does no damage.
You hit the adder but do no damage.
You feel sick.
The adder bites you but does no damage. x2
You barely miss the adder.
You feel sick.
The adder bites you but does no damage. x2
You closely miss the adder.
You feel sick.
You are no longer poisoned.
The adder bites you.
You slice the adder!!
You kill the adder!
Okawaru accepts your kill.
Blork the orc screams, "I'll break your legs!"
Blork the orc casts a spell at you. The puff of flame misses you.
You barely miss Blork the orc.
Blork the orc is moderately wounded.
Blork the orc looks encouraged for a moment.
Blork the orc gestures at you while chanting.
The magic dart hits you!
You barely miss Blork the orc.
Blork the orc is moderately wounded.
Blork the orc barely misses you. You block Blork the orc's attack.
You hit Blork the orc.
Blork the orc is heavily wounded.
Blork the orc hits you with a +0 dire flail. x2
You hit Blork the orc.
Blork the orc is heavily wounded.
Blork the orc hits you with a +0 dire flail.
* * * LOW HITPOINT WARNING * * *
Blork the orc hits you with a +0 dire flail!
* * * LOW HITPOINT WARNING * * *
Unknown command.
As you read the scroll labelled QOOXOE TISERO, it crumbles to dust.
It is a scroll of enchant weapon.
Your +0 war axe glows red for a moment.
Blork the orc hits you with a +0 dire flail.
You die...

,,,,,,,,,,,,,*#.........##≈≈≈≈≈#
,,,,,,,,,,,,,*#.....#.#.##≈≈≈≈##
,,,,,,,,,,,,,8####'##.#.#≈≈≈≈≈#
,,,,,,,,,,,,,** #.##...#≈≈≈≈≈#
,,,,***,,,,,,* #.###..#≈≈≈≈##
,,,,* *,.,,,,** #.###..#≈≈≈≈# #
,,,,* *,>..,,8* #......≈≈≈≈≈# #
,,,****,.....##########.≈≈≈≈≈# #
,,,,,,,,.......o@.......≈≈≈≈## #
,,,****,....$..#########≈≈≈≈# #
,,,****,.......* *≈≈≈≈# *
*****,,,.......* *≈≈≈≈#* #
**,,,,....###* *≈≈≈≈≈#
**,,*,,....* *≈≈≈≈≈#
**,,**+,...,* *#≈≈≈≈#*
*,,**,**..,,* *≈≈≈≈≈*
*,**,∩,**,,,* *≈≈≈≈≈**


You could see Blork the orc (fast).

Vanquished Creatures
  A flayed ghost (Abyss:1)
  The ghost of Palms the Skirmisher, an amateur PaFi (D:3)
  A kobold brigand (D:3)
  Natasha (thrice) (D:2)
  5 adders
  A dart slug (D:3)
  An orc (D:4)
  3 ball pythons
  6 endoplasms
  A giant cockroach (D:2)
  4 goblins
  10 hobgoblins
  10 kobolds
  4 quokkas
  A bat (D:1)
  3 frilled lizards
  4 rats
59 creatures vanquished.

Vanquished Creatures (others)
  2 plants (D:3)
2 creatures vanquished.

Grand Total: 61 creatures vanquished

Notes
Turn   | Place    | Note
-------+----------+-------------------------------------------
     0 | D:1      | Sin92 the Demonspawn Fighter began the quest for the Orb.
     0 | D:1      | Reached XP level 1. HP: 18/18 MP: 1/1
   129 | D:1      | Found a faded altar of an unknown god.
   314 | D:1      | Gained mutation: You regenerate a little health from kills.
                  | [demonic ancestry]
   314 | D:1      | Reached XP level 2. HP: 24/24 MP: 2/2
   947 | D:2      | Gained mutation: You are partially covered in molten
                  | scales. (AC +2) [demonic ancestry]
   947 | D:2      | Reached XP level 3. HP: 29/29 MP: 3/3
  1228 | D:2      | Found a stormy altar of Qazlal.
  1442 | D:2      | Noticed Natasha
  1450 | D:2      | Killed Natasha
  1451 | D:2      | Reached XP level 4. HP: 32/36 MP: 4/4
  1591 | D:2      | Noticed Natasha
  1600 | D:2      | Killed Natasha
  1755 | D:2      | Noticed Natasha
  1761 | D:2      | Killed Natasha
  1795 | D:3      | Gained mutation: You sometimes gain a little power by
                  | taking damage. [demonic ancestry]
  1795 | D:3      | Reached XP level 5. HP: 41/42 MP: 5/5
  2196 | D:3      | Found a runed translucent gate.
  2196 | D:3      | Found a runed translucent gate.
  2196 | D:3      | Found a runed translucent gate.
  2197 | D:3      | Noticed Palms's ghost (amateur PaFi)
  2653 | D:3      | Killed Palms's ghost
  2654 | D:3      | Reached XP level 6. HP: 7/49 MP: 6/6
  2655 | D:3      | HP: 1/49 [kobold brigand/+2 short sword of chaos (6)]
  2675 | D:3      | Cast into level 1 of the Abyss (kobold)
  2741 | Abyss:1  | Noticed a flayed ghost
  2746 | Abyss:1  | Killed a flayed ghost
  2749 | D:3      | Escaped the Abyss
  2966 | D:4      | Found a staircase to the Ecumenical Temple.
  2975 | Temple   | Entered the Ecumenical Temple
  3062 | Temple   | Became a worshipper of Warmaster Okawaru
  3127 | D:4      | Noticed Blork the orc
  3149 | D:4      | HP: 1/43 [Blork the orc/+0 dire flail (9)]
  3150 | D:4      | Slain by Blork the orc

Illustrated notes

Levels and vault maps discovered:
D:1:      psy_arrival_conway, layout_loops_cross, ebering_ecumenical_altar_webs
D:2:      layout_rooms, basic_altar, uniq_natasha
D:3:      layout_loops_ring, gammafunk_ghost_nasty_kobolds,
          chequers_serial_rivers_large_b, serial_bayou_lagoon_b
D:4:      wander_river, layout_basic, mainiacjoe_overflow_cross_hatched,
          minmay_temple_entry_metal_lava, enter_ossuary_5, serial_corexii_hall,
          chequers_hall_statues_corner_a, chequers_hall_statues_wall_a,
          kennysheep_flooded_box, nicolae_elevator_lobby_plus,
          uniq_blork_the_orc
Temple:   regret_index_temple_sphere_string

Skill      XL: |  1  2  3  4  5 |
---------------+----------------+-----
Axes           | 2 3 |  3.5
Armour         | 3 4 |  4.2
Shields        | 3 4 |  4.1
Fighting       | 4 |  4.6

Action                   |  1- 3 |  4- 6 || total
-------------------------+-------+-------++-------
Melee: War axe           |   106 |   113 ||   219
  Use: Scroll            |     3 |     5 ||     8
       Potion            |       |     6 ||     6
Armor: Scale mail        |    47 |    29 ||    76
       Skin              |       |    14 ||    14
Dodge: Dodged            |    45 |    27 ||    72
Block: Buckler           |    30 |    22 ||    52
